 Dungeon Crawl Stone Soup version 0.27.1-3-gb3d3a73c9e (webtiles) character file.

Game seed: 233426326073132337

58 Erina the Chopper (level 3, -1/33 HPs)
             Began as a Minotaur Berserker on Oct 17, 2021.
             Was a Believer of Trog.
             Slain by a gnoll (9 damage)
             ... on level 2 of the Dungeon.
             The game lasted 00:04:20 (1242 turns).

Erina the Chopper (Minotaur Berserker)              Turns: 1242, Time: 00:04:21

Health: -1/33      AC:  2    Str: 21    XL:     3   Next: 75%
Magic:  2/2        EV: 11    Int:  5    God:    Trog [**....]
Gold:   53         SH:  2    Dex:  9    Spells: 2/2 levels left

rFire    . . .     SeeInvis .   a - +0 hand axe
rCold    . . .     Faith    .   g - +0 buckler
rNeg     . . .     Spirit   .   b - +0 animal skin
rPois    .         Reflect  .   (helmet restricted)
rElec    .         Harm     .   (no cloak)
rCorr    .         Rampage  .   (no gloves)
Will     .....                  (no boots)
Stlth    +.........             (no amulet)
HPRegen  0.11/turn              (no ring)
MPRegen  0.08/turn              (no ring)

@: lethally poisoned (-1 -> -8)
A: horns 2, retaliatory headbutt
a: Renounce Religion, Berserk, Trog's Hand


You were on level 2 of the Dungeon.
You worshipped Trog.
Trog was pleased with you.
You visited 1 branch of the dungeon, and saw 2 of its levels.

You collected 53 gold pieces.

Inventory:

Hand Weapons
 a - a +0 hand axe (weapon)
 i - a +0 mace
Armour
 b - a +0 animal skin (worn)
 g - a +0 buckler (worn)
Scrolls
 c - 2 scrolls of fear {unknown}
 d - 2 scrolls of identify {unknown}
 e - a scroll of enchant armour {unknown}
 h - a scroll of teleportation {unknown}
 k - a scroll of amnesia {unknown}
Potions
 f - a potion of mutation {unknown}
 j - a potion of curing {unknown}


   Skills:
 + Level 4.2 Fighting
 * Level 5.2 Axes
 + Level 2.6 Armour
 - Level 2.1 Dodging


You had 2 spell levels left.
You didn't know any spells.
Your spell library was empty.

Dungeon Overview and Level Annotations

Branches:
Dungeon (2/15)

Altars:


Innate Abilities, Weirdness & Mutations

You have a pair of horns on your head.
You reflexively headbutt those who attack you in melee.


Message History

The gnoll shouts! x2
The ball python bites you but does no damage.
The ball python grabs you. The ball python constricts you.
You closely miss the ball python. The ball python bites you.
The ball python constricts you.
A gnoll comes into view. It is wielding a +0 spear.
The gnoll shouts!
You hit the ball python but do no damage.
Your headbutt misses the ball python. The ball python bites you.
The ball python constricts you.
You slash the ball python!
You kill the ball python!
Trog accepts your kill.
You see here a ball python corpse.
You barely miss the gnoll. The gnoll hits you with a +0 club.
You barely miss the gnoll. You hit the gnoll.
The gnoll is lightly wounded.
The gnoll closely misses you. You furiously retaliate!
You headbutt the gnoll. You hit the gnoll.
The gnoll is severely wounded.
The gnoll hits you with a +1 flail of venom.
You hit the gnoll but do no damage. You headbutt the gnoll.
The gnoll is severely wounded.
The gnoll barely misses you. You furiously retaliate!
You headbutt the gnoll, but do no damage.
You hit the gnoll.
The gnoll is almost dead.
The gnoll hits you with a +1 flail of venom.
You are poisoned.
You hit the gnoll.
You kill the gnoll!
Trog accepts your kill.
You feel very sick. The gnoll hits you with a +0 club.
You fail to use your ability.
* * * LOW HITPOINT WARNING * * *
You feel sick.
The gnoll hits you from afar with a +0 spear!
You die...

#...# #.#
#...######.#
#..........#
##..######.#
#..# #.# #######
#..# .# #......
#.†#
#......#####..##
#..(...@ggg....#
#......#####...#
######. #...# #.
#.>g.. #.
.......# ..
.#...... #.
#.#...... #.
......


You could see 3 gnolls.

Vanquished Creatures
  A gnoll (D:2)
  A worm (D:2)
  2 bats (D:1)
  6 endoplasms
  3 hobgoblins
  10 jackals (D:1)
  2 quokkas (D:1)
  4 ball pythons
  2 frilled lizards (D:1)
  4 goblins
  2 kobolds
37 creatures vanquished.

Notes
Turn   | Place    | Note
-------+----------+-------------------------------------------
     0 | D:1      | Erina the Minotaur Berserker began the quest for the Orb.
     0 | D:1      | Reached XP level 1. HP: 19/19 MP: 0/0
   117 | D:1      | Reached skill level 4 in Axes
   121 | D:1      | Reached XP level 2. HP: 23/27 MP: 1/1
   434 | D:1      | Reached ** piety under Trog
   435 | D:1      | Reached XP level 3. HP: 29/33 MP: 2/2
  1023 | D:2      | Reached skill level 5 in Axes
  1242 | D:2      | Slain by a gnoll

Illustrated notes

Levels and vault maps discovered:
D:1:      minmay_arrival_arboretum_small, layout_basic, minivault_26,
          hangedman_feature_mirror
D:2:      layout_basic, hellmonk_ecumenical_altar_pennies_from_heaven,
          serial_shops, nicolae_lakefront_shop, uniq_robin

Skill      XL: |  1  2  3 |
---------------+----------+-----
Axes           | 4 5 |  5.2
Fighting       | 4 |  4.2
Armour         | |  2.6
Dodging        | |  2.1

Action                   || total
-------------------------++-------
Melee: Hand axe          ||    65
       Headbutt          ||     8
 Stab: Sleeping          ||     1
Armor: Animal skin       ||     4
Dodge: Dodged            ||    27
Block: Buckler           ||     3
